 Dungeon Crawl Stone Soup version 0.17-a0-910-ga669010 (webtiles) character file.

364 laxity the Magician (level 6, -3/32 HPs)
             Began as a Deep Elf Fire Elementalist on May 2, 2015.
             Slain by hornqvist's ghost (12 damage)
             ... on level 4 of the Dungeon.
             The game lasted 00:10:44 (4438 turns).

laxity the Magician (Deep Elf Fire Elementalist)    Turns: 4438, Time: 00:10:44

Health: -3/32      AC:  7    Str:  5    XL:     6   Next: 39%
Magic:  13/16      EV:  8    Int: 22    God:
Gold:   169        SH:  0    Dex: 15    Spells: 4 memorised, 6 levels left

rFire  . . .     SeeInvis +     d - +4 dagger
rCold  . . .     Clarity  .     F - +2 robe {rN+}
rNeg   + + .     SustAb   +     (no shield)
rPois  .         Gourm    .     t - +1 helmet
rElec  .         Spirit   .     q - +0 cloak
rCorr  .         Warding  +     (no gloves)
rMut   .         Stasis   .     (no boots)
MR     .....                    l - amulet of warding
Stlth  ++........               z - ring of see invisible
                                o - ring of sustain abilities

@: not resistant to hostile enchantments, unstealthy
A: no striking features
a: no special abilities


You were on level 4 of the Dungeon.
You were not hungry.

You visited 1 branch of the dungeon, and saw 4 of its levels.

You collected 169 gold pieces.

Inventory:

Hand weapons
 d - a +4 dagger (weapon)
Armour
 q - a +0 cloak (worn)
 t - a +1 helmet (worn)
 F - a +2 robe of positive energy (worn)
Jewellery
 l - an amulet of warding (around neck)
 o - a ring of sustain abilities (left hand)
 z - a ring of see invisible (right hand)
Scrolls
 g - 2 scrolls of identify {unknown}
 j - a scroll of immolation {unknown}
 m - 2 scrolls of random uselessness {unknown}
 p - a scroll of remove curse {unknown}
 r - 2 scrolls of amnesia {unknown}
 s - a scroll of enchant armour {unknown}
 y - a scroll of fog {unknown}
 B - a scroll of recharging {unknown}
 C - a scroll of blinking {unknown}
Potions
 e - 3 potions of haste {unknown}
 h - a potion of mutation {unknown}
 k - a potion of cure mutation {unknown}
 u - 2 potions of might {unknown}
 w - a potion of cancellation {unknown}
 x - a potion of poison {unknown}
 A - a potion of curing {unknown}
 D - a potion of agility {unknown}
 G - a potion of flight {unknown}
Books
 b - a book of Flames

   Spells                             Type                      Level
   a - Flame Tongue                   Conjuration/Fire             1
   b - Throw Flame                    Conjuration/Fire             2
   c - Conjure Flame                  Conjuration/Fire             3
   d - Inner Flame                    Hexes/Fire                   3
   e - Sticky Flame                   Conjuration/Fire             4
   f - Fireball                       Conjuration/Fire             5
Comestibles
 a - a slice of pizza
 c - 4 bread rations
 f - 2 meat rations
 i - 2 fruits
 n - 2 beef jerkies
 v - a royal jelly
 E - 2 chunks of flesh


   Skills:
 - Level 2.4 Dodging
 - Level 2.4 Stealth
 + Level 5.8 Spellcasting
 + Level 4.3 Conjurations
 + Level 5.2 Fire Magic


You had 6 spell levels left.
You knew the following spells:

 Your Spells              Type           Power        Failure   Level  Hunger
a - Flame Tongue          Conj/Fire      ####.        1%          1    None
b - Throw Flame           Conj/Fire      ####..       1%          2    None
c - Conjure Flame         Conj/Fire      ####....     4%          3    ##.....
d - Sticky Flame          Conj/Fire      ####....     14%         4    ####...


Dungeon Overview and Level Annotations

Branches:
Dungeon (4/15)
 Temple: D:4-7

Altars:
Dithmenos
Nemelex Xobeh
Qazlal

Annotations:
D:4 hornqvist's ghost, experienced FoFi


Message History

Aiming: Flame Tongue
Press: ? - help, Shift-Dir - straight line, f/p - hornqvist's ghost
Aim: hornqvist's ghost (flame, moderately damaged)
The flame tongue hits hornqvist's ghost.
Hornqvist's ghost appears unharmed.
Hornqvist's ghost is moderately damaged.
Hornqvist's ghost is engulfed in roaring flames.
Hornqvist's ghost hits you!
* * * LOW HITPOINT WARNING * * *
Drink which item? (? for menu, Esc to quit)
Okay, then.
Unknown command.
Read which item? (? for menu, Esc to quit)
Okay, then.
Hornqvist's ghost is engulfed in roaring flames.
You see here 30 stones.
Hornqvist's ghost says, "What do you have that I didn't have?"
There is a stone staircase leading down here.
Hornqvist's ghost hits you!
You die...

#### #.. ### #.###
##W##########...
#@#...........##
##.##...####...#
#######
#.#........(..#
#.....#
#.##...####...#
#.###.#####.##..##
###.# #.#
#...........#
#ยง### #.#
#######..####
#...W #.# #..#
##### ##.## #..#


You could see hornqvist's ghost.

Vanquished Creatures
  A scorpion (D:4)
  2 iguanas (D:4)
  Jessica (D:3)
  3 orc wizards (D:4)
  Robin (D:1)
  2 gnolls (D:1)
  5 adders
  2 worms (D:2)
  5 orcs
  A bat skeleton (D:4)
  A giant cockroach (D:2)
  14 goblins
  12 hobgoblins
  7 kobolds
  A quokka (D:4)
  10 bats
  A giant gecko (D:4)
  7 giant newts
  11 rats
87 creatures vanquished.

Notes
Turn   | Place    | Note
--------------------------------------------------------------
     0 | D:1      | laxity, the Deep Elf Fire Elementalist, began the quest for the Orb.
     0 | D:1      | Reached XP level 1. HP: 10/10 MP: 6/6
   182 | D:1      | Reached XP level 2. HP: 9/15 MP: 1/8
   664 | D:1      | Learned a level 2 spell: Throw Flame
   960 | D:1      | Reached XP level 3. HP: 19/19 MP: 6/10
  1641 | D:2      | Noticed Robin
  1663 | D:1      | Killed Robin
  1663 | D:1      | Reached skill level 4 in Fire Magic
  1900 | D:2      | Found a shadowy altar of Dithmenos.
  1980 | D:2      | Reached XP level 4. HP: 24/24 MP: 8/12
  2088 | D:2      | Learned a level 3 spell: Conjure Flame
  2093 | D:2      | Learned a level 4 spell: Sticky Flame
  2392 | D:3      | Noticed Jessica
  2394 | D:3      | Killed Jessica
  2896 | D:3      | Found a sparkling altar of Nemelex Xobeh.
  2936 | D:3      | Reached XP level 5. HP: 28/28 MP: 11/13
  3393 | D:4      | Noticed hornqvist's ghost (experienced FoFi)
  3785 | D:4      | Reached skill level 5 in Spellcasting
  3956 | D:4      | Reached XP level 6. HP: 29/32 MP: 9/16
  3959 | D:4      | Reached skill level 5 in Fire Magic
  4281 | D:4      | Found a stormy altar of Qazlal.
  4438 | D:4      | Slain by hornqvist's ghost

Action                   |  1- 3 |  4- 6 || total
-------------------------+-------+-------++-------
Melee: Dagger            |       |     1 ||     1
 Cast: Flame Tongue      |    69 |    90 ||   159
       Throw Flame       |     1 |     4 ||     5
       Sticky Flame      |       |     3 ||     3
       Conjure Flame     |       |     2 ||     2
  Eat: Chunk             |     3 |     8 ||    11
